AoeStats
← IdliDosa

Black Forest

507083565Analyzed
4v4 RM · 16d ago on Sep 16, 2026· 46m 33s· 8 players
Game mode
Random Map
Map size
Large (8 player)
Population
200
Speed
Normal
Resources
Standard
Victory
Conquest
Starting age
Dark Age
Ending age
Imperial Age
RankedLock teamsTeams togetherTeam positionsShared explorationLock speedFull tech treeHidden civsTurbo modeCheats
Victory
Defeat
🇩🇪 Persians · Germany
1252
+15
🇹🇷 Britons · Türkiye
1246
+15
🇺🇸 Ethiopians · United States
1235
+16
🇫🇷 Khmer · France
1232
+16
🇻🇳 Saracens · Vietnam
1271
-16
🇦🇷 Britons · Argentina
1235
-16
🇮🇳 Wu · India
1219
-15
🇬🇧 Italians · United Kingdom
1212
-15
Demshredz
2:30 Loom
10:49 Feudal Age
15:12 Castle Age
13:00 Horse Collar
13:40 Double-Bit Axe
15:50 Heavy Plow
16:01 Bow Saw
16:31 Wheelbarrow
23:59 Gold Mining
28:16 Hand Cart
29:09 Gold Shaft Mining
30:03 Stone Mining
30:41 Caravan
31:19 Stone Shaft Mining
30:58 Scale Barding Armor
31:03 Town Watch
31:36 Bloodlines
31:27 Husbandry
35:08 Imperial Age
33:56 Chain Barding Armor
33:47 Forging
34:46 Elite War Elephant
36:19 Plate Barding Armor
37:13 Iron Casting
38:49 Two-Man Saw
38:28 Crop Rotation
39:35 Conscription
40:33 Blast Furnace
Psychedelonaut
10:01 Loom
12:16 Feudal Age
15:03 Castle Age
13:44 Double-Bit Axe
15:35 Wheelbarrow
21:09 Horse Collar
22:28 Fishing Lines
27:32 Imperial Age
25:23 Hand Cart
27:28 Town Watch
28:05 Bow Saw
27:58 Heavy Plow
27:51 Heavy Scorpion
29:08 Conscription
30:43 Chemistry
30:10 Double Crossbow
31:15 Siege Engineers
32:19 Caravan
Kryptonknight
0:46 Loom
11:53 Feudal Age
13:17 Double-Bit Axe
18:33 Castle Age
18:22 Horse Collar
19:42 Bow Saw
19:38 Heavy Plow
25:18 Wheelbarrow
30:18 Hand Cart
30:07 Crossbowman
31:41 Thumb Ring
33:17 Squires
33:19 Gold Mining
33:19 Stone Mining
33:57 Fletching
34:07 Padded Archer Armor
37:41 Imperial Age
35:54 Gold Shaft Mining
35:55 Stone Shaft Mining
36:34 Leather Archer Armor
36:15 Bodkin Arrow
37:40 Elite Skirmisher
37:56 Halberdier
39:59 Bracer
40:29 Ring Archer Armor
40:21 Ballistics
41:46 Onager
43:51 Chemistry
43:06 Siege Engineers
43:39 Scale Mail Armor
43:50 Forging
44:06 Siege Onager
hirax34
0:31 Loom
11:03 Feudal Age
15:22 Castle Age
13:37 Double-Bit Axe
16:35 Bow Saw
17:50 Horse Collar
19:10 Heavy Plow
20:31 Town Watch
22:03 Wheelbarrow
22:32 Stone Mining
26:20 Gold Mining
30:28 Imperial Age
28:41 Gold Shaft Mining
29:03 Hand Cart
28:56 Fletching
29:06 Padded Archer Armor
29:30 Ballistics
30:48 Yeomen
30:26 Bodkin Arrow
31:17 Elite Longbowman
32:54 Conscription
32:48 Siege Engineers
33:46 Chemistry
32:53 Siege Engineers
33:29 Bracer
33:45 Leather Archer Armor
36:22 Ring Archer Armor
37:21 Warwolf
39:32 Two-Man Saw
40:02 Caravan
42:39 Masonry
42:10 Treadmill Crane
IdliDosa
11:26 Feudal Age
15:37 Castle Age
16:14 Double-Bit Axe
16:19 Fishing Lines
17:58 Gillnets
18:50 Wheelbarrow
19:19 Bow Saw
18:55 Horse Collar
26:21 Hand Cart
31:02 Imperial Age
28:18 Loom
28:19 Town Watch
28:27 Fletching
29:49 Bodkin Arrow
29:59 Red Cliffs Tactics
30:18 Padded Archer Armor
30:43 Squires
30:04 Pikeman
30:48 Scale Mail Armor
30:59 Forging
31:59 Ballistics
32:22 Heavy Plow
32:14 Stone Mining
32:14 Gold Mining
33:58 Chemistry
33:06 Bracer
33:56 Chain Mail Armor
34:16 Iron Casting
33:29 Arson
34:12 Conscription
36:05 Plate Mail Armor
35:54 Leather Archer Armor
36:27 Stone Shaft Mining
36:27 Gold Shaft Mining
37:21 Blast Furnace
36:48 Fervor
37:14 Halberdier
39:58 Illumination
40:09 Theocracy
heavensent
12:10 Feudal Age
13:14 Fishing Lines
13:48 Double-Bit Axe
17:24 Castle Age
16:51 Loom
18:19 Bow Saw
19:15 Wheelbarrow
19:57 Gillnets
21:22 Fervor
23:02 Hand Cart
24:14 Gold Mining
26:17 Gold Shaft Mining
25:42 Stone Mining
27:11 Treadmill Crane
30:52 Imperial Age
27:58 Crossbowman
28:10 Pikeman
30:07 Fletching
30:18 Padded Archer Armor
30:39 Ballistics
30:56 Arbalester
32:53 Chemistry
31:57 Bodkin Arrow
32:18 Leather Archer Armor
32:30 Light Cavalry
33:11 Husbandry
33:20 Scale Barding Armor
33:15 Bracer
33:25 Scale Barding Armor
34:09 Yeomen
34:21 Ring Archer Armor
34:26 Conscription
35:02 Forging
35:00 Town Watch
35:48 Elite Longbowman
37:44 Chain Barding Armor
37:34 Caravan
39:42 Cavalier
41:25 Plate Barding Armor
45:32 Siege Engineers
ChepinChipjoe
12:48 Feudal Age
18:47 Wheelbarrow
21:49 Castle Age
20:58 Double-Bit Axe
21:03 Horse Collar
26:33 Bow Saw
28:01 Forging
27:57 Scale Barding Armor
28:58 Husbandry
28:59 Scale Mail Armor
29:23 Bloodlines
30:53 Iron Casting
30:56 Loom
32:54 Chain Barding Armor
32:49 Fletching
37:09 Imperial Age
35:06 Chain Barding Armor
34:42 Light Cavalry
45:13 Onager
plaster_prince
0:28 Loom
13:20 Feudal Age
13:55 Double-Bit Axe
19:50 Castle Age
17:36 Horse Collar
18:33 Stone Mining
20:02 Gold Mining
22:26 Fishing Lines
23:16 Bow Saw
23:16 Town Watch
25:38 Gillnets
26:39 Wheelbarrow
28:19 Heavy Plow
32:17 Imperial Age
30:30 Fortified Wall
30:32 Masonry
30:43 Ballistics
31:05 Hand Cart
31:42 Fletching
31:52 Padded Archer Armor
32:39 Silk Road
32:56 Bodkin Arrow
33:25 Leather Archer Armor
34:15 Chemistry
33:09 Elite Skirmisher
34:12 Conscription
34:59 Bracer
35:36 Ring Archer Armor
35:26 Thumb Ring
39:23 Murder Holes
40:47 Architecture
41:52 Elite Genoese Crossbowman
Connection lost

Rejoining the realm…

Still unreachable

The connection could not be restored.

Session expired

The server has moved on; the page needs a fresh start.